 Dungeon Crawl Stone Soup version 0.20.1-1-g8b1a95d (webtiles) character file.

6808 JeffiDaFish the Protected (level 11, -3/71 HPs)
             Began as a Gargoyle Fighter on Oct 4, 2017.
             Was an Elder of Okawaru.
             Slain by a white ugly thing (23 damage)
             ... on level 10 of the Dungeon.
             The game lasted 00:14:39 (8064 turns).

JeffiDaFish the Protected (Gargoyle Fighter)        Turns: 8064, Time: 00:14:40

Health: -3/71      AC: 30    Str: 25    XL:     11   Next: 5%
Magic:  14/14      EV:  8    Int:  9    God:    Okawaru [****..]
Gold:   419        SH: 12    Dex: 15    Spells: 10/10 levels left

rFire    . . .     SeeInvis +   a - +3 flail
rCold    . . .     Gourm    .   c - +0 shield
rNeg     + . .     Faith    .   b - +0 plate armour
rPois    ∞         Spirit   .   s - +1 helmet
rElec    +         Reflect  .   (no cloak)
rCorr    .         Harm     .   m - +2 pair of gloves {Dex+3}
MR       .....                  q - +2 pair of boots {run}
Stlth    ..........             k - amulet of rage
Regen    0.3/turn               (no ring)
MPRegen  0.2/turn               (no ring)

@: mighty, quick
A: hooves 1, see invisible, negative energy resistance 1, electricity
resistance, unbreathing, petrification resistance, rot immunity, AC +7
a: Heroism, Renounce Religion, Evoke Berserk Rage


You were on level 10 of the Dungeon.
You worshipped Okawaru.
Okawaru was greatly pleased with you.
You were hungry.

You visited 2 branches of the dungeon, and saw 10 of its levels.
You also visited: Ossuary.

You collected 509 gold pieces.
You spent 90 gold pieces at shops.

Inventory:

Hand Weapons
 a - a +3 flail (weapon)
Armour
 b - a +0 plate armour (worn)
 c - a +0 shield (worn)
 m - a +2 pair of gloves of dexterity (worn)
 q - a +2 pair of boots of running (worn)
 s - a +1 helmet (worn)
Jewellery
 k - an amulet of rage (around neck)
Wands
 v - a wand of scattershot (5/9)
Scrolls
 e - 15 scrolls of teleportation
 g - 10 scrolls of identify
 h - 10 scrolls of remove curse
 t - 2 scrolls of blinking
 u - 2 scrolls of magic mapping
Potions
 j - a potion of agility
 l - 7 potions of curing
 n - 2 potions of heal wounds
 o - a potion of haste
 r - a potion of invisibility
Comestibles
 f - 9 bread rations
 i - 3 royal jellies
 p - 5 fruits
 w - a meat ration


   Skills:
 * Level 9.0 Fighting
 * Level 7.3 Maces & Flails
 * Level 9.1 Armour
 + Level 4.0 Dodging
 * Level 8.5 Shields
 + Level 3.2 Invocations
 + Level 4.0 Evocations


You had 10 spell levels left.
You didn't know any spells.

Dungeon Overview and Level Annotations

Branches:
Dungeon (10/15)            Temple (1/1) D:6            Lair (0/6) D:10
    Orc: D:9-12

Altars:
Ashenzari
Cheibriados
Dithmenos
Elyvilon
Fedhas
Gozag
Hepliaklqana
Kikubaaqudgha
Makhleb
Nemelex Xobeh
Okawaru
Qazlal
Ru
Sif Muna
Trog
Uskayaw
Vehumet
Xom
Yredelemnul
Zin
The Shining One

Shops:
D:5 ?   D:9 *

Annotations:
D:9 exclusion: obsidian statue


Innate Abilities, Weirdness & Mutations

You are resistant to torment.
Your stone body is resilient. (AC +7)
You are immune to poison.
You resist negative energy. (rN+)
You are resistant to electric shocks. (rElec)
You can survive without breathing.
You are immune to petrification.
You are immune to rotting.
You have large cloven feet.
You have supernaturally acute eyesight. (SInv)


Message History

You found a teleport trap!
Found a scroll of remove curse.
Found a stone staircase leading up.
h - 10 scrolls of remove curse (gained 1)
e - 15 scrolls of teleportation (gained 1)
A white ugly thing comes into view.
The white ugly thing gurgles horribly!
You feel very mighty all of a sudden.
Your plate armour prevents you from hitting the white ugly thing.
The white ugly thing pecks you but does no damage.
You closely miss the white ugly thing. The white ugly thing pecks you.
The white ugly thing freezes you!!
You are feeling hungry.
You barely miss the white ugly thing. The white ugly thing pecks you.
The white ugly thing freezes you!!
You hit the white ugly thing.
The white ugly thing is lightly wounded.
The white ugly thing pecks you!
* * * LOW HITPOINT WARNING * * *
The white ugly thing freezes you!!
You die...

#########################
.......u@................
....#########............
. #..########.. #..# #..
#..# #.. #..# #.. #..#
#.. #..# #.. #..# #..


You could see a white ugly thing.

Vanquished Creatures
  2 two-headed ogres (D:8)
  The ghost of felt the Fighter, a novice MiFi of Okawaru (D:9)
  The ghost of LordPorkins the Magician, a novice SpVM of Vehumet (D:5)
  A troll (D:10)
  Grinder (D:3)
  A wyvern (D:9)
  A spriggan (D:8)
  4 yaks (D:10)
  2 steam dragons (D:6)
  An ice beast (D:5)
  The ghost of LordPorkins the Ducker, an amateur SpVM of Vehumet (D:4)
  2 orc warriors
  A necrophage (D:3)
  4 ogres
  2 phantoms
  3 centaurs
  2 big kobolds (D:8)
  A bullfrog (D:8)
  5 killer bees (D:8)
  2 howler monkeys
  2 crimson imps (D:9)
  A centaur zombie (Ossuary)
  2 quasits
  5 hounds
  A jelly (D:8)
  A bullfrog zombie (D:5)
  2 human zombies (Ossuary)
  5 orc priests
  2 centaur skeletons
  Ijyb (D:4)
  Terence (D:3)
  An iguana (D:9)
  3 orc wizards
  Natasha (thrice) (D:3)
  4 worker ants
  A killer bee zombie (D:8)
  2 big kobold zombies (Ossuary)
  A hound zombie (D:9)
  A hound skeleton (D:9)
  2 mummies (Ossuary)
  A worker ant zombie (D:5)
  8 adders
  A shadow imp (D:8)
  2 oozes
  An adder zombie (Ossuary)
  2 adder skeletons
  2 worms (D:2)
  5 leopard geckos
  25 orcs
  A ball python (D:4)
  2 giant cockroaches
  2 goblins
  5 hobgoblins
  7 jackals
  15 kobolds
  3 quokkas
  2 bats (D:1)
  5 frilled lizards
  A goblin zombie (Ossuary)
  10 hobgoblin zombies (Ossuary)
  A jackal skeleton (D:5)
  3 jackal zombies (Ossuary)
  9 kobold zombies (Ossuary)
  6 orc zombies (Ossuary)
  A quokka skeleton (D:8)
  A quokka zombie (D:9)
  7 rats
  2 rat zombies (Ossuary)
209 creatures vanquished.

Vanquished Creatures (others)
  A fungus (D:6)
1 creature vanquished.

Grand Total: 210 creatures vanquished

Notes
Turn   | Place    | Note
-------+----------+-------------------------------------------
     0 | D:1      | JeffiDaFish the Gargoyle Fighter began the quest for the Orb.
     0 | D:1      | Reached XP level 1. HP: 14/14 MP: 1/1
    42 | D:1      | Reached XP level 2. HP: 14/19 MP: 2/2
   521 | D:1      | Gained mutation: You have large cloven feet. [potion of mutation]
   521 | D:1      | Gained mutation: You have supernaturally acute eyesight. (SInv) [potion of mutation]
   965 | D:2      | Reached XP level 3. HP: 19/23 MP: 3/3
  1603 | D:3      | Noticed Grinder
  1603 | D:3      | Noticed a necrophage
  1608 | D:3      | Killed Grinder
  1608 | D:3      | Reached skill level 1 in Evocations
  1608 | D:3      | Reached XP level 4. HP: 30/30 MP: 4/4
  1608 | D:3      | Reached XP level 5. HP: 34/34 MP: 5/5
  1608 | D:3      | Reached XP level 6. HP: 39/39 MP: 6/6
  1611 | D:3      | Killed a necrophage
  1611 | D:3      | Reached skill level 1 in Dodging
  1717 | D:3      | Identified a +2 pair of boots of running (You found it on level 3 of the Dungeon)
  1734 | D:3      | Noticed Terence
  1744 | D:3      | Killed Terence
  1838 | D:3      | Noticed Natasha
  1846 | D:3      | Killed Natasha
  1858 | D:3      | Noticed Natasha
  1867 | D:3      | Killed Natasha
  1867 | D:3      | Reached XP level 7. HP: 42/44 MP: 8/8
  1993 | D:3      | Noticed Natasha
  2002 | D:3      | Killed Natasha
  2002 | D:3      | Reached skill level 5 in Armour
  2063 | D:4      | Noticed Ijyb
  2259 | D:4      | Reached skill level 5 in Fighting
  2259 | D:4      | Reached skill level 5 in Shields
  2271 | D:4      | Killed Ijyb
  2388 | D:4      | Noticed LordPorkins's ghost (amateur SpVM)
  2405 | D:4      | Killed LordPorkins's ghost
  3379 | D:5      | Entered Level 5 of the Dungeon
  3390 | D:5      | Reached XP level 8. HP: 48/50 MP: 9/9
  3434 | D:5      | Found Geaduats's Magic Scroll Shop.
  3438 | D:5      | Noticed LordPorkins's ghost (novice SpVM)
  3465 | D:5      | Killed LordPorkins's ghost
  3536 | D:5      | Bought a scroll of enchant armour for 90 gold pieces
  4077 | D:6      | Found a sand-covered staircase.
  4087 | Ossuary  | Entered an ossuary
  4440 | D:6      | Reached skill level 5 in Maces & Flails
  4498 | D:6      | Reached XP level 9. HP: 53/56 MP: 10/10
  4532 | D:6      | Found a staircase to the Ecumenical Temple.
  4683 | Temple   | Entered the Ecumenical Temple
  4782 | Temple   | Became a worshipper of Warmaster Okawaru
  5732 | D:6      | You fall through a shaft for 2 floors!
  5765 | D:8      | Reached * piety under Okawaru
  5983 | D:8      | Noticed a two-headed ogre
  6002 | D:8      | Killed a two-headed ogre
  6002 | D:8      | Reached skill level 1 in Invocations
  6002 | D:8      | Reached XP level 10. HP: 39/64 MP: 12/12
  6180 | D:8      | Noticed a two-headed ogre
  6202 | D:8      | Killed a two-headed ogre
  6202 | D:8      | Reached ** piety under Okawaru
  7083 | D:9      | Noticed an obsidian statue
  7160 | D:9      | Found Stheuf's Superlative Supplies.
  7192 | D:9      | Noticed felt's ghost (novice MiFi)
  7223 | D:9      | Killed felt's ghost
  7223 | D:9      | Reached *** piety under Okawaru
  7677 | D:10     | Entered Level 10 of the Dungeon
  7677 | D:10     | Found a staircase to the Lair.
  7715 | D:10     | Reached XP level 11. HP: 67/69 MP: 13/13
  7720 | D:10     | Reached **** piety under Okawaru
  8054 | D:10     | Noticed a white ugly thing
  8064 | D:10     | Slain by a white ugly thing

Skill      XL: |  1  2  3  4  5  6  7  8  9 10 11 |
---------------+----------------------------------+-----
Fighting       | 4 5 6 7 8 9 |  9.0
Maces & Flails | 3 4 5 6 7 |  7.3
Armour         | 4 5 6 7 9 |  9.1
Shields        | 4 5 6 7 8 |  8.5
Evocations     | 1 2 3 4 |  4.0
Dodging        | 1 2 3 4 |  4.0
Invocations    | 1 3 |  3.2

Action                   |  1- 3 |  4- 6 |  7- 9 | 10-12 || total
-------------------------+-------+-------+-------+-------++-------
Melee: Flail             |   111 |    37 |   551 |   278 ||   977
       Kick              |     6 |     3 |       |       ||     9
 Abil: Evoke Berserk Rag |       |       |       |     1 ||     1
  Use: Potion            |    10 |       |     5 |     2 ||    17
       Scroll            |     8 |     2 |     9 |     1 ||    20
  Eat: Chunk             |     2 |     1 |    14 |     7 ||    24
Armor: Scale mail        |    72 |     7 |       |       ||    79
       Chain mail        |       |     4 |   169 |       ||   173
       Plate armour      |       |       |   316 |   245 ||   561
Dodge: Dodged            |    37 |     6 |   197 |    81 ||   321
Block: Shield            |    59 |    19 |   421 |   217 ||   716
